 Dungeon Crawl Stone Soup version 0.13-a0-2657-gc1edc70 (webtiles) character file.

157 Rycklaryybbe the Sneak (level 4, -1/23 HPs)
             Began as a Spriggan Hunter on Aug 10, 2013.
             Killed from afar by an orc wizard (4 damage)
             ... with a magic dart
             ... on Level 2 of the Dungeon.
             The game lasted 00:03:43 (1590 turns).

Rycklaryybbe the Sneak (Spriggan Hunter)            Turns: 1590, Time: 00:03:43

HP  -1/23        AC  7     Str  9      XL: 4   Next:  0%
MP   7/7         EV 18     Int 12      God:
Gold 90          SH  0     Dex 16      Spells:  0 memorised,  3 levels left

Res.Fire  : . . .   See Invis. : +   h - +0 short sword (protect)
Res.Cold  : + . .   Warding    : .   d - +0 animal skin
Life Prot.: . . .   Conserve   : .   (shield restricted)
Res.Poison: .       Res.Corr.  : .   (helmet restricted)
Res.Elec. : .       Clarity    : .   (no cloak)
Sust.Abil.: . .     Spirit.Shd : .   (gloves unavailable)
Res.Mut.  : .       Stasis     : .   (boots unavailable)
Res.Rott. : .       Flight     : .   (no amulet)
Saprovore : . . .                    (no ring)
                                     r - ring of protection from cold {unknown}

@: very quick, slightly resistant to hostile enchantments, quite stealthy
A: unfitting armour, see invisible, herbivore 3, speed 3, slow metabolism 2
a: no special abilities


You were on level 2 of the Dungeon.
You were not hungry.

You visited 1 branch of the dungeon, and saw 3 of its levels.

You collected 70 gold pieces.

Inventory:

Hand weapons
 a - a +0,+0 short sword
 b - a +1,+1 crossbow
 g - a +0,+0 hand axe (quivered)
 h - a +0,+0 short sword of protection (weapon)
Missiles
 c - 20 bolts
 o - 2 needles of slowing
 s - 17 arrows
 u - 9 poisoned needles
Armour
 d - a +0 animal skin (worn)
Comestibles
 l - a lychee
 q - a pear
 v - a choko
Scrolls
 k - a scroll of remove curse
 m - a scroll of enchant weapon II
 n - a scroll of identify {unknown}
 t - a scroll of enchant armour {unknown}
Jewellery
 j - an uncursed ring of teleportation
 r - a ring of protection from cold (left hand) {unknown}
Potions
 e - a potion of porridge
 f - a potion of restore abilities {unknown}
 i - a potion of speed {unknown}
 p - a potion of flight {unknown}


   Skills:
 - Level 0.7 Fighting
 - Level 4.0 Crossbows
 - Level 3.0 Dodging
 + Level 6.2 Stealth


You had 3 spell levels left.
You didn't know any spells.

Dungeon Overview and Level Annotations

Branches:
Dungeon (3/27)

Altars:
Yredelemnul


Innate Abilities, Weirdness & Mutations

You are tiny and cannot use many weapons and most armour.
You have supernaturally acute eyesight.
You are a herbivore.
You cover ground extremely quickly.
You need consume almost no food.


Message History

The orc wizard barely misses you.
You hit the orc wizard.
The orc wizard is severely wounded.
The orc wizard hits you with an orcish dagger.
The orc wizard closely misses you.
You closely miss the orc wizard.
The orc wizard is severely wounded.
The orc wizard barely misses you.
You hit the orc wizard.
The orc wizard is severely wounded.
The orc wizard hits you with an orcish dagger.
You hit the orc wizard.
The orc wizard is almost dead.
The orc wizard hits you with an orcish dagger.
* * * LOW HITPOINT WARNING * * *
You barely miss the orc wizard.
The orc wizard is almost dead.
The orc wizard casts a spell at you. The magic dart hits you!
You die...

.#
#...........##.##.....#####.
.### #...........#..##.%...#
##
...###...........#.###.....#
.#..##.....[.....#.# #.....#
.##.##...........'.# #.....#
.##.##...........### #.....#
.##..'........>..# #######
.#####.........o.# .#
#..........@# ##
#############


You could see an orc wizard.

Vanquished Creatures
  3 adders (D:2)
  A giant gecko (D:1)
  9 bats
  A giant cockroach (D:1)
  5 goblins (D:2)
  6 hobgoblins
  5 kobolds
  A ball python (D:3)
  8 giant newts
  4 rats
43 creatures vanquished.

Notes
Turn   | Place    | Note
--------------------------------------------------------------
     0 | D:1      | Rycklaryybbe, the Spriggan Hunter, began the quest for the Orb.
     0 | D:1      | Reached XP level 1. HP: 11/11 MP: 1/1
   146 | D:1      | Reached XP level 2. HP: 10/15 MP: 3/3
  1029 | D:2      | Reached XP level 3. HP: 18/18 MP: 5/5
  1079 | D:2      | Reached skill level 5 in Stealth
  1391 | D:2      | Found a basalt altar of Yredelemnul.
  1460 | D:2      | Reached skill level 6 in Stealth
  1576 | D:3      | Reached XP level 4. HP: 23/23 MP: 7/7
  1590 | D:2      | Killed from afar by an orc wizard

Action                   |  1- 3 |  4- 6 || total
-------------------------+-------+-------++-------
Melee: Hand axe          |    87 |       ||    87
       Short sword       |    63 |    12 ||    75
  Use: Scroll            |     3 |       ||     3
       Potion            |     1 |       ||     1
 Stab: Sleeping          |    10 |       ||    10
       Distracted        |     2 |       ||     2
